 Dungeon Crawl Stone Soup version 0.25.0-26-g0c896c7088 (webtiles) character file.

Game seed: 4091266495091256943

1595 xccam the Martial Artist (level 8, -2/55 HPs)
             Began as an Octopode Monk on July 1, 2020.
             Slain by a sky beast (5 damage)
             ... on level 6 of the Dungeon.
             The game lasted 00:07:28 (4470 turns).

xccam the Martial Artist (Octopode Monk)            Turns: 4470, Time: 00:07:29

Health: -2/55      AC:  1    Str: 10    XL:     8   Next: 93%
Magic:  8/8        EV: 17    Int: 13    God:
Gold:   220        SH:  0    Dex: 16    Spells: 7/7 levels left

rFire    . . .     SeeInvis .     - Unarmed
rCold    . . .     Gourm    .   (no shield)
rNeg     . . .     Faith    .   (helmet restricted)
rPois    .         Spirit   .   f - amulet of regeneration
rElec    .         Reflect  .   l - ring of resist corrosion
rCorr    +         Harm     .   n - ring of stealth
MR       .....                  c - ring of flight
Stlth    +++++.....             (no ring)
HPRegen  0.58/turn              (no ring)
MPRegen  0.11/turn              (no ring)
                                (no ring)
                                (no ring)

@: no status effects
A: almost no armour, stealthy swim, amphibious, 8 rings, constrict 8, camouflage
1, gelatinous body 1
a: Evoke Flight


You were on level 6 of the Dungeon.
You were not hungry.

You visited 1 branch of the dungeon, and saw 6 of its levels.

You collected 275 gold pieces.
You spent 55 gold pieces at shops.

Inventory:

Jewellery
 c - a ring of flight (on tentacle)
 f - an amulet of regeneration (around mantle)
 l - a ring of resist corrosion (left tentacle)
 n - a ring of stealth (right tentacle)
 o - an uncursed amulet of magic regeneration
Wands
 m - a wand of random effects (28)
 p - a wand of polymorph (10)
 v - a wand of flame (23)
 w - a wand of clouds (7)
Scrolls
 b - 2 scrolls of magic mapping {unknown}
 e - a scroll of fear {unknown}
 g - a scroll of immolation {unknown}
 h - 3 scrolls of remove curse {unknown}
 j - a scroll of teleportation
 k - a scroll of enchant armour {unknown}
 q - a scroll of noise {unknown}
 x - a scroll of fog {unknown}
Potions
 d - 2 potions of flight
 i - a potion of stabbing
 r - 2 potions of degeneration {unknown}
 s - a potion of magic {unknown}
 t - a potion of curing
 u - 3 potions of heal wounds
Comestibles
 a - 9 rations
 z - 10 chunks of flesh


   Skills:
 - Level 5.0 Fighting
 - Level 6.0 Dodging
 - Level 5.0 Stealth
 + Level 8.8 Unarmed Combat


You had 7 spell levels left.
You didn't know any spells.
Your spell library was empty.

Dungeon Overview and Level Annotations

Branches:
Dungeon (6/15)
 Temple: D:4-7

Altars:
Kikubaaqudgha
Makhleb
Okawaru
Trog
Xom
The Shining One

Shops:
D:4 %*(!=

Annotations:
D:5 3 runed translucent doors, harkrass's ghost, amateur MiFi


Innate Abilities, Weirdness & Mutations

You cannot wear most types of armour.
You are very stealthy in the water. (Stealth+)
You are amphibious.
You can wear up to eight rings at the same time.
You can use your tentacles to constrict eight enemies at once.
Your skin changes colour to match your surroundings (Stealth+).
Your rubbery body absorbs attacks. (AC +1, EV +1)


Message History

The sky beast flickers out of sight!
Deactivating autopickup; reactivate with Ctrl-A.
You are no longer corroded.
You swing at nothing.
You miss something. Something hits you. Something shocks you.
You barely miss something. Something hits you. Something shocks you.
You completely miss something. You squeeze something!
Something closely misses you.
You completely miss something. Your squeeze misses something.
You miss something. Something hits you. Something shocks you.
You miss something. Something barely misses you.
You miss something. Something hits you. Something shocks you.
You miss something. You squeeze something. Something hits you.
* * * LOW HITPOINT WARNING * * *
Something shocks you.
* * * LOW HITPOINT WARNING * * *
You barely miss something. Something hits you.
* * * LOW HITPOINT WARNING * * *
Something shocks you.
You die...

### #.# #.####
###########
#....####....@....#
#.###.##...######<##
####.# #....#.#
##...#
.....###.##...#
#....#
#.###...#######
#....# #.# #####
#.#### #.# #.# #.#
#.# ..# #.#


There were no monsters in sight!

Vanquished Creatures
  Eustachio (D:5)
  Menkaure (D:5)
  Duvessa (D:5)
  A centaur (D:5)
  3 ogres (D:4)
  The ghost of bli the Ruffian, an amateur DrTm (D:3)
  The ghost of Sedillia the Skirmisher, an amateur GrFi (D:3)
  Dowan (D:5)
  A scorpion (D:4)
  2 hounds
  A jelly (D:6)
  A centaur skeleton (D:4)
  2 orc priests
  4 orc wizards (D:5)
  2 iguanas
  4 worker ants
  A hound skeleton (D:4)
  8 adders
  4 worms
  A dart slug (D:1)
  2 leopard geckos
  7 orcs
  11 bats
  5 giant cockroaches
  5 goblins
  14 hobgoblins
  5 jackals
  3 ball pythons (D:3)
  9 frilled lizards
  7 kobolds
  A leopard gecko zombie (D:3)
  11 rats
121 creatures vanquished.

Vanquished Creatures (others)
  A withered plant (D:3)
1 creature vanquished.

Grand Total: 122 creatures vanquished

Notes
Turn   | Place    | Note
-------+----------+-------------------------------------------
     0 | D:1      | xccam the Octopode Monk began the quest for the Orb.
     0 | D:1      | Reached XP level 1. HP: 16/16 MP: 1/1
   215 | D:1      | Reached XP level 2. HP: 19/21 MP: 2/2
   593 | D:1      | Reached skill level 4 in Unarmed Combat
   601 | D:1      | Reached XP level 3. HP: 23/26 MP: 3/3
  1057 | D:2      | Reached XP level 4. HP: 31/31 MP: 4/4
  1112 | D:2      | Reached skill level 5 in Unarmed Combat
  1137 | D:2      | Found an ancient bone altar of Kikubaaqudgha.
  1585 | D:3      | Found a faded altar of an unknown god.
  1794 | D:3      | Found a runed translucent gate.
  1794 | D:3      | Found a runed translucent gate.
  1794 | D:3      | Found a runed translucent gate.
  1795 | D:3      | Noticed bli's ghost (amateur DrTm)
  1795 | D:3      | Noticed Sedillia's ghost (amateur GrFi)
  1872 | D:3      | Reached XP level 5. HP: 30/36 MP: 5/5
  2074 | D:3      | Reached skill level 6 in Unarmed Combat
  2361 | D:3      | Killed bli's ghost
  2361 | D:3      | Reached skill level 5 in Stealth
  2361 | D:3      | Reached XP level 6. HP: 29/42 MP: 6/6
  2383 | D:3      | Killed Sedillia's ghost
  2601 | D:4      | Found Yhishu Rufie's Antique Weapon Emporium.
  2704 | D:4      | Reached XP level 7. HP: 30/46 MP: 7/7
  2735 | D:4      | Found Yzxutycw's Jewellery Shoppe.
  2746 | D:4      | Reached skill level 5 in Dodging
  2796 | D:4      | Found Fikkoso's Food Boutique.
  2807 | D:4      | Found Aluu's Assorted Antiques.
  3217 | D:4      | Found Nogidduo's Distillery.
  3224 | D:4      | Bought a potion of heal wounds for 55 gold pieces
  3235 | D:4      | Found a bloodstained altar of Trog.
  3275 | D:5      | Entered Level 5 of the Dungeon
  3277 | D:5      | Found a glowing golden altar of the Shining One.
  3291 | D:5      | Reached XP level 8. HP: 41/54 MP: 8/8
  3353 | D:5      | Noticed Menkaure
  3364 | D:5      | Killed Menkaure
  3545 | D:5      | Found an iron altar of Okawaru.
  3574 | D:5      | Noticed Eustachio
  3588 | D:5      | Killed Eustachio
  3588 | D:5      | Reached skill level 7 in Unarmed Combat
  3606 | D:5      | Found a runed translucent gate.
  3676 | D:5      | Reached skill level 5 in Fighting
  3700 | D:5      | Noticed Duvessa
  3702 | D:5      | Noticed Dowan
  3721 | D:5      | Killed Duvessa
  3803 | D:5      | Reached skill level 8 in Unarmed Combat
  4058 | D:5      | Found a runed translucent gate.
  4059 | D:5      | Found a runed translucent gate.
  4060 | D:5      | Noticed harkrass's ghost (amateur MiFi)
  4090 | D:5      | Killed Dowan
  4306 | D:5      | Found a shimmering altar of Xom.
  4428 | D:6      | Found a burning altar of Makhleb.
  4470 | D:6      | Slain by a sky beast

Illustrated notes

Levels and vault maps discovered:
D:1:      mrwooster_arrival_statue_2, layout_loops_ring, serial_bayou_crossing
D:2:      layout_loops_ring, nicolae_overflow_crystal_walls,
          chequers_serial_rivers_micro_d
D:3:      layout_basic, chequers_ecumenical_altar_island,
          gammafunk_ghost_cemetery, first_ration, minmay_lizard_king
D:4:      layout_gridville, lightli_temple_of_fire, serial_shops, shop, shop,
          nicolae_shop_waterfront, nicolae_shop_temple_entry_statues_fountains,
          kennysheep_little_box
D:5:      layout_loops_ring, nicolae_overflow_hidden_temple,
          lemuel_coloured_pillars_altar, gammafunk_ghost_necromancy,
          st_stairs_1, uniq_duvessa, uniq_menkaure, uniq_eustachio
D:6:      layout_loops_cross, lemuel_zombie_altar_yredelemnul,
          overflow_temple_1_default, minmay_temple_entry_purple_smoke,
          uniq_maggie

Skill      XL: |  1  2  3  4  5  6  7  8 |
---------------+-------------------------+-----
Unarmed Combat | 4 5 6 8 |  8.8
Stealth        | 5 |  5.0
Dodging        | 4 6 |  6.0
Fighting       | 5 |  5.0

Action                   |  1- 3 |  4- 6 |  7- 9 || total
-------------------------+-------+-------+-------++-------
Melee: Unarmed           |    77 |   131 |   128 ||   336
       Constrict         |    27 |    35 |    19 ||    81
       Tentacles         |    13 |    29 |    33 ||    75
       Punch             |       |     6 |     2 ||     8
Evoke: Wand              |       |       |     1 ||     1
  Use: Scroll            |       |     4 |       ||     4
       Potion            |       |     3 |       ||     3
 Stab: Sleeping          |     8 |    22 |     4 ||    34
       Invisible         |       |     4 |       ||     4
       Distracted        |       |       |     1 ||     1
  Eat: Chunk             |       |     6 |     5 ||    11
Armor: Skin              |     6 |     7 |       ||    13
Dodge: Dodged            |    45 |    60 |    62 ||   167
